 Dungeon Crawl Stone Soup version 0.29-a0-25-g7f48f510a0 (webtiles) character file.

Game seed: 7564669037807339207

1323 timneilson the Covered (level 8, 0/49 HPs)
             Began as a Gargoyle Fighter on Feb 1, 2022.
             Was a Follower of Okawaru.
             Slain by Eustachio (9 damage)
             ... on level 5 of the Dungeon.
             The game lasted 00:11:36 (6622 turns).

timneilson the Covered (Gargoyle Fighter)           Turns: 6622, Time: 00:11:36

Health: 0/49       AC: 19    Str: 22    XL:     8   Next: 59%
Magic:  8/8        EV:  8    Int: 15    God:    Okawaru [*.....]
Gold:   234        SH: 11    Dex:  9    Spells: 7/7 levels left

rFire   . . .      SeeInvis .   a - +0 long sword
rCold   . . .      Faith    .   c - +1 buckler
rNeg    + . .      Spirit   .   f - +0 chain mail
rPois   ∞          Reflect  +   (no helmet)
rElec   +          Harm     .   (no cloak)
rCorr   .          Rampage  .   (no gloves)
Will    .....                   i - +2 pair of boots
Stlth   ..........              m - amulet of reflection
HPRegen 0.16/turn               d - +6 ring of intelligence
MPRegen 0.11/turn               (no ring)

@: attractive, hasted, very quick
A: sickness immunity, AC +5, negative energy resistance 1, electricity
resistance, torment resistance 1, petrification resistance
a: Renounce Religion, Heroism


You were on level 5 of the Dungeon.
You worshipped Okawaru.
Okawaru was aware of your devotion.
You visited 2 branches of the dungeon, and saw 6 of its levels.
You also visited: Sewer.

You collected 234 gold pieces.

Inventory:

Hand Weapons
 a - a +0 long sword (weapon)
Armour
 c - a +1 buckler (worn)
 f - a +0 chain mail (worn)
 i - a +2 pair of boots (worn)
Jewellery
 d - a +6 ring of intelligence (left hand)
 m - an amulet of reflection (around neck)
Wands
 l - a wand of polymorph (7)
Scrolls
 b - a scroll of identify
 g - 2 scrolls of enchant armour
 h - 2 scrolls of amnesia
Potions
 j - a potion of flight
 k - a potion of resistance
 n - a potion of attraction
 s - a potion of cancellation


   Skills:
 + Level 5.1 Fighting
 * Level 4.8 Long Blades
 * Level 6.4 Armour
 + Level 2.6 Dodging
 * Level 6.3 Shields
 + Level 1.1 Invocations
 + Level 0.5 Evocations


You had 7 spell levels left.
You didn't know any spells.
Your spell library was empty.

Dungeon Overview and Level Annotations

Branches:
Dungeon (5/15)             Temple (1/1) D:4           Sewer (visited)

Altars:
Ashenzari
Cheibriados
Elyvilon
Hepliaklqana
Nemelex Xobeh
Okawaru
Ru
Sif Muna
Trog
Uskayaw
Vehumet
Wu Jian
Yredelemnul
Zin

Shops:
D:1 (

Annotations:
D:5 Eustachio


Innate Abilities, Weirdness & Mutations

You are immune to sickness and miasma.
Your stone body is resilient. (AC +5)
You are immune to poison.
You resist negative energy. (rN+)
You are resistant to electric shocks. (rElec)
You are resistant to unholy torment.
You are immune to petrification.


Message History

Eustachio is moderately wounded.
You block the bat's attack. The bat closely misses you.
The rat bites you but does no damage.
Eustachio gestures wildly while chanting.
Eustachio blinks!
Unknown command.
You block the bat's attack. The bat hits you but does no damage.
You block the rat's attack.
Eustachio casts a spell.
The bat disappears in a puff of smoke!
The rat bites you. The bat hits you but does no damage.
Eustachio hits you with a +0 falchion.
The river rat bites you but does no damage.
You barely miss Eustachio.
Eustachio is moderately wounded.
You block the bat's attack. You block the rat's attack.
Eustachio hits you with a +0 falchion. The bat barely misses you.
You block the river rat's attack. The river rat bites you.
* * * LOW HITPOINT WARNING * * *
The rat bites you but does no damage.
You closely miss Eustachio.
Eustachio is moderately wounded.
You block the bat's attack. Eustachio hits you with a +0 falchion.
* * * LOW HITPOINT WARNING * * *
The river rat bites you but does no damage.
The river rat barely misses you. The rat barely misses you.
Unknown command.
You feel yourself speed up. The bat barely misses you.
Eustachio growls, "To hell with you, honourless miscreant!"
You block Eustachio's attack.
The river rat bites you but does no damage.
The river rat twitches its whiskers.
You block the river rat's attack. The rat bites you but does no damage.
Really quaff the potion of attraction?
You feel attractive to monsters. Eustachio hits you but does no damage.
The bat closely misses you.
You block the river rat's attack. x2; The rat bites you but does no damage.
You hit Eustachio.
Eustachio is moderately wounded.
You block the bat's attack. Eustachio hits you with a +0 falchion!
You die...

....# ######### ####
...(# #.......###..#
.!..# #.#.......(...
..!.#
#######.#.###≈.....#
...W#
#######........)#
#...#..# ....#
#.......@r....###
#...#...
....####.......r@.b..#
##..###.
................r....#
#..##..
##........####.......#
#..##.. #.$......#
#.......# #..##..
#############.......#
#.##### #......#####
#.# #
#.####.##########.## #
#.# #.............# #
###.####.##########..#
#


You could see Eustachio, 2 river rats, a bat (summoned) and a rat (summoned).

Vanquished Creatures
  Menkaure (D:5)
  Duvessa (D:4)
  A sky beast (D:5)
  The ghost of testman the Ruffian, an amateur DrTm of Wu Jian (D:4)
  A phantom (D:5)
  2 kobold brigands (Sewer)
  A bullfrog (D:4)
  Dowan (D:4)
  A bullfrog zombie (D:5)
  A hound (D:4)
  A gnoll shaman (D:4)
  2 iguanas (D:4)
  5 orc wizards
  3 hound skeletons
  12 adders
  4 gnolls (D:4)
  2 river rats
  4 worms
  2 dart slugs (D:4)
  18 orcs
  2 bats
  11 endoplasms
  A giant cockroach (D:4)
  4 hobgoblins
  8 jackals
  2 quokkas
  6 ball pythons
  6 frilled lizards
  5 goblins
  12 kobolds
  9 rats
130 creatures vanquished.

Vanquished Creatures (others)
  2 plants (D:3)
2 creatures vanquished.

Grand Total: 132 creatures vanquished

Notes
Turn   | Place    | Note
-------+----------+-------------------------------------------
     0 | D:1      | timneilson the Gargoyle Fighter began the quest for the
                  | Orb.
     0 | D:1      | Reached XP level 1. HP: 14/14 MP: 1/1
   279 | D:1      | Reached XP level 2. HP: 15/19 MP: 2/2
   434 | D:1      | Found Nonat's Antique Weapon Shop.
   918 | D:1      | Reached XP level 3. HP: 22/23 MP: 3/3
  1212 | D:2      | Found a faded altar of an unknown god.
  2560 | D:3      | Reached XP level 4. HP: 20/28 MP: 4/4
  2587 | D:3      | Reached skill level 1 in Dodging
  2750 | D:2      | Reached XP level 5. HP: 33/33 MP: 5/5
  3004 | D:3      | Found a white marble altar of Elyvilon.
  3325 | D:4      | Reached XP level 6. HP: 25/38 MP: 6/6
  3564 | D:4      | Found a runed translucent door.
  3570 | D:4      | Noticed testman's ghost (amateur DrTm)
  3742 | D:4      | Found a glowing drain.
  3770 | Sewer    | Entered a sewer
  3870 | Sewer    | Reached skill level 5 in Armour
  4033 | Sewer    | Reached skill level 5 in Shields
  4033 | Sewer    | Reached XP level 7. HP: 42/44 MP: 7/7
  4909 | D:4      | Found a staircase to the Ecumenical Temple.
  5035 | Temple   | Entered the Ecumenical Temple
  5072 | Temple   | Became a worshipper of Warmaster Okawaru
  5372 | D:4      | Noticed Duvessa
  5372 | D:4      | Noticed Dowan
  5389 | D:4      | Killed Duvessa
  5404 | D:4      | Killed Dowan
  6071 | D:4      | Reached XP level 8. HP: 45/48 MP: 8/8
  6089 | D:4      | Killed testman's ghost
  6089 | D:4      | Reached * piety under Okawaru
  6176 | D:5      | Entered Level 5 of the Dungeon
  6248 | D:5      | Reached skill level 5 in Fighting
  6278 | D:5      | Noticed Menkaure
  6292 | D:5      | Killed Menkaure
  6555 | D:5      | Noticed Eustachio
  6593 | D:5      | Reached skill level 1 in Invocations
  6622 | D:5      | Slain by Eustachio

Illustrated notes

Levels and vault maps discovered:
D:1:      ncdulo_watergridlock, layout_loops_ring, serial_shops, shop
D:2:      layout_basic, dreamdust_ecumenical_altar_statues
D:3:      layout_basic, elyvilon_altar_1
D:4:      layout_basic, minmay_temple_entry_enclosed_plants,
          gup_sewer_entry_bubbles, ebering_ghost_sewer_d, uniq_duvessa
D:5:      layout_basic, serial_shops, nicolae_shop_trees,
          uniq_crazy_yiuf_cottage, uniq_eustachio, uniq_ijyb, uniq_menkaure
Temple:   oiseaux_autumnal_temple

Skill      XL: |  1  2  3  4  5  6  7  8 |
---------------+-------------------------+-----
Long Blades    | 2 3 4 |  4.8
Armour         | 4 5 6 |  6.4
Dodging        | 1 2 |  2.6
Shields        | 4 5 6 |  6.3
Fighting       | 4 5 |  5.1
Invocations    | 1 |  1.1
Evocations     | |  0.5

Action                   |  1- 3 |  4- 6 |  7- 9 || total
-------------------------+-------+-------+-------++-------
Melee: Long sword        |   128 |   302 |   271 ||   701
Evoke: Wand              |       |       |     1 ||     1
  Use: Scroll            |     4 |     2 |     6 ||    12
       Potion            |       |       |     6 ||     6
Armor: Scale mail        |    77 |    74 |       ||   151
       Chain mail        |       |    95 |   218 ||   313
Dodge: Dodged            |    43 |    78 |   149 ||   270
Block: Buckler           |    33 |   166 |   183 ||   382
       Reflection        |       |     4 |       ||     4

Table legend: (Time is in decaauts)
 A = Elapsed time spent in this place.
 B = Non-inter-level travel time spent in this place.
 C = Inter-level travel time spent in this place.
 D = Time resting spent in this place.
 E = Time spent auto-exploring this place.
 F = Levels seen in this place.
 G = Mean time per level.
                   A        B        C        D        E       F      G
               +--------+--------+--------+--------+--------+-----+--------+
         Total |   6911 |   6717 |    194 |     53 |   4755 |   7 |  987.3 |
       Dungeon |   5895 |   5710 |    185 |     53 |   4044 |   5 | 1179.0 |
        Temple |    263 |    254 |      9 |      0 |    231 |   1 |  263.0 |
         Sewer |    753 |    753 |      0 |      0 |    479 |   1 |  753.0 |
               +--------+--------+--------+--------+--------+-----+--------+

Top non-repeatable levels by time:
     D:4: 2084 daAuts
     D:1: 1238 daAuts
     D:3: 1114 daAuts
     D:2: 995 daAuts
   Sewer: 753 daAuts
     D:5: 462 daAuts
  Temple: 263 daAuts
